Map: Zen LE

Players

LowLinK

  • Race: Protoss Protoss
  • League: Diamond
  • Spawn Location: 7:00

Alphabet - Winner!

  • Race: Terran Terran
  • League: Diamond
  • Spawn Location: 1:00

VOD

Have the link to the VOD?

Description

Time

  • Played on: Feb. 18, 2020, 8:49 p.m.
  • Length: 10:39
Show
View Real Time Build Order
Export as new Build Order

LowLinK Protoss 

Build Orders:  

Get SALT Encoding   

  12  0:00  Probe  
  13  0:13  Probe  
  14  0:18  Pylon  
  14  0:25  Probe  
  15  0:36  Gateway  
  15  0:37  Probe (Chrono Boost)  
  16  0:47  Assimilator  
  16  0:48  Probe (Chrono Boost)  
  17  0:52  Probe (Chrono Boost)  
  17  0:56  Assimilator  
  18  1:04  Probe  
  19  1:14  Pylon  
  19  1:16  Probe  
  20  1:24  Cybernetics Core  
  20  1:28  Probe  
  21  1:40  Probe  
  22  1:52  Probe  
  23  1:54  Warp Gate (Chrono Boost)  
  23  1:58  Pylon  
  23  2:08  Stalker  
  25  2:17  Gateway  
  25  2:30  Probe  
  25  2:35  Gateway  
  26  2:38  Gateway  
  26  2:39  Gateway  
  26  3:04  Pylon  
  26  3:09  Sentry  
  28  3:26  Pylon  
  28  3:31  Stalker  
  28  3:34  Probe  
  30  3:39  Stalker x2  
  30  3:40  Stalker  
  36  3:43  Stalker  
  38  3:53  Stalker  
  40  4:03  Adept x3  
  40  4:07  Sentry  
  48  4:14  Adept  
  25  4:56  Stalker x2  
  25  4:57  Stalker x2  
  28  5:14  Adept  
  30  5:24  Probe (Chrono Boost)  
  31  5:34  Probe (Chrono Boost)  
  32  5:39  Probe (Chrono Boost)  
  33  5:46  Sentry  
  31  5:57  Probe  
  32  6:09  Probe  
  32  6:10  Adept  
  35  6:32  Probe (Chrono Boost)  
  36  6:41  Probe (Chrono Boost)  
  36  6:46  Probe (Chrono Boost)  
  37  6:48  Stalker x2  
  37  6:52  Stalker  
  44  7:00  Probe  
  45  7:22  Nexus  
  45  7:26  Probe (Chrono Boost)  
  46  7:36  Probe (Chrono Boost)  
  29  8:10  Stalker x2  
  16  8:33  Probe  
  16  8:35  Stalker  
  18  8:43  Pylon  
  18  8:45  Probe (Chrono Boost)  
  20  8:57  Probe (Chrono Boost)  
  20  9:03  Probe (Chrono Boost)  
  20  9:05  Stalker  
  20  9:07  Zealot x3  
  29  9:11  Probe  
  30  9:23  Probe  
  31  9:26  Probe  
  32  9:35  Probe  
  32  9:36  Sentry  
  35  9:55  Probe  
  35  9:59  Stalker  
  38  10:12  Pylon  
  21  10:32  Stalker x3  
Show
View Real Time Build Order
Export as new Build Order

Alphabet Terran - Winner!

Build Orders:  

Get SALT Encoding   

  12  0:01  SCV  
  13  0:13  SCV  
  14  0:17  Supply Depot  
  14  0:25  SCV  
  15  0:39  SCV  
  15  0:40  Barracks  
  16  0:46  Refinery  
  16  0:51  SCV  
  16  0:57  Supply Depot  
  17  1:03  SCV  
  18  1:08  Refinery  
  18  1:15  SCV  
  19  1:29  Orbital Command  
  19  1:39  Reaper  
  20  1:50  Factory  
  20  1:55  SCV  
  21  2:04  Barracks  
  21  2:14  Marine  
  22  2:25  SCV  
  23  2:30  Supply Depot  
  23  2:34  Marine  
  23  2:35  Factory Tech Lab  
  23  2:36  Starport  
  24  2:51  Marine  
  24  2:52  Marine  
  24  2:55  Siege Tank  
  24  2:56  SCV  
  30  3:09  Supply Depot  
  30  3:14  Medivac  
  30  3:17  Marine x2  
  34  3:23  SCV  
  35  3:41  Marine  
  35  3:42  Marine  
  35  3:43  Siege Tank  
  35  3:44  Medivac  
  41  3:59  Marine x2  
  41  4:01  Supply Depot  
  43  4:14  SCV  
  44  4:17  Marine  
  44  4:21  Marine  
  46  4:24  Siege Tank  
  45  4:35  Marine  
  41  4:39  Marine  
  28  5:11  Marine x2  
  28  5:12  Siege Tank  
  33  5:14  Starport Reactor  
  33  5:29  Marine  
  34  5:44  Barracks Tech Lab  
  34  5:46  Siege Tank  
  34  5:47  Marine  
  38  5:56  Command Center  
  38  5:59  SCV  
  38  6:03  Marine  
  40  6:04  Stimpack  
  40  6:09  Marine  
  41  6:18  SCV  
  42  6:24  Liberator  
  45  6:26  Marine  
  46  6:35  Engineering Bay  
  46  6:38  Barracks Reactor  
  46  6:51  Siege Tank  
  49  6:57  SCV  
  49  6:59  Marine  
  51  7:09  Orbital Command  
  51  7:16  Marine x2  
  51  7:19  Medivac  
  55  7:36  Orbital Command  
  55  7:40  Marine x2  
  52  7:59  Marine x3  
  52  8:00  Siege Tank  
  54  8:15  SCV x2  
  54  8:17  Marine x3  
  59  8:27  SCV  
  57  8:34  Marine  
  57  8:35  Marine  
  57  8:39  Terran Infantry Weapons Level 1  
  57  8:41  Combat Shield, Barracks  
  59  8:43  SCV x2  
  61  8:55  SCV  
  61  8:56  SCV  
  61  8:59  Marine x2  
  61  9:00  Marine  
  66  9:03  Siege Tank  
  69  9:18  Marauder  
  69  9:22  Marine x2  
  73  9:27  Refinery  
  73  9:28  Refinery  
  73  9:39  Marine  
  73  9:40  Marine x3  
  77  9:57  Marine  
Tags
 
Add a new tag
Caveats
  • Supply blocks, unpowered buildings, or Contaminate may cause inaccurate times.
  • Supply counts are checked every 10 seconds.